 Dungeon Crawl Stone Soup version 0.26-a0-639-g72c4674329 (webtiles) character file.

Game seed: 920992852908490662

8 Peloso the Covered (level 2, -1/24 HPs)
             Began as a Demonspawn Fighter on Sept 18, 2020.
             Slain by a jackal (2 damage)
             ... on level 1 of the Dungeon.
             The game lasted 00:00:26 (288 turns).

Peloso the Covered (Demonspawn Fighter)              Turns: 288, Time: 00:00:27

Health: -1/24      AC:  6    Str: 16    XL:     2   Next: 0%
Magic:  2/2        EV:  6    Int:  9    God:
Gold:   11         SH:  8    Dex: 12    Spells: 1/1 levels left

rFire    . . .     SeeInvis .   a - +0 long sword
rCold    . . .     Faith    .   c - +0 kite shield
rNeg     . . .     Spirit   .   b - +0 scale mail
rPois    .         Reflect  .   (helmet restricted)
rElec    .         Harm     .   (no cloak)
rCorr    .         Rampage  .   (no gloves)
MR       .....                  (no boots)
Stlth    ..........             (no amulet)
HPRegen  0.08/turn              (no ring)
MPRegen  0.08/turn              (no ring)

@: no status effects
A: horns 1
a: no special abilities


You were on level 1 of the Dungeon.
You visited 1 branch of the dungeon, and saw 1 of its levels.

You collected 11 gold pieces.

Inventory:

Hand Weapons
 a - a +0 long sword (weapon)
Armour
 b - a +0 scale mail (worn)
 c - a +0 kite shield (worn)
Potions
 d - a potion of might
 e - a potion of mutation {unknown}


   Skills:
 + Level 3.0 Fighting
 + Level 1.7 Long Blades
 + Level 3.1 Armour
 + Level 2.7 Shields


You had one spell level left.
You didn't know any spells.
Your spell library was empty.

Dungeon Overview and Level Annotations

Branches:
Dungeon (1/15)

Altars:


Innate Abilities, Weirdness & Mutations

You have a pair of small horns on your head.


Message History

You block the jackal's attack.
The jackal bites you but does no damage.
The jackal bites you.
* * * LOW HITPOINT WARNING * * *
You block the jackal's attack. You block the jackal's attack.
The jackal bites you but does no damage.
You block the jackal's attack. The jackal bites you.
* * * LOW HITPOINT WARNING * * *
You block the jackal's attack. You block the jackal's attack. x2
The jackal bites you but does no damage.
The jackal bites you but does no damage.
You block the jackal's attack.
You block the jackal's attack. x2; The jackal barely misses you.
The jackal bites you but does no damage.
The jackal bites you but does no damage. x2
The jackal bites you but does no damage.
The jackal bites you.
You die...

..# #.# #.# #.# #.#
#.####### #........
#############.....[
#h@...)............
...ghgh###########......
....### #...... ...
#...... . #######


You could see 3 jackals, a hobgoblin and a goblin.

Vanquished Creatures
  A goblin (D:1)
  2 hobgoblins (D:1)
  A jackal (D:1)
  A kobold (D:1)
  A bat (D:1)
  A rat (D:1)
7 creatures vanquished.

Notes
Turn   | Place    | Note
-------+----------+-------------------------------------------
     0 | D:1      | Peloso the Demonspawn Fighter began the quest for the Orb.
     0 | D:1      | Reached XP level 1. HP: 18/18 MP: 1/1
   251 | D:1      | Gained mutation: You have a pair of small horns on your
                  | head. [demonic ancestry]
   251 | D:1      | Reached XP level 2. HP: 20/24 MP: 2/2
   283 | D:1      | HP: 1/24 [jackal (2)]
   288 | D:1      | Slain by a jackal

Illustrated notes

Levels and vault maps discovered:
D:1:      dpeg_arrival_rhombi, layout_rooms, chequers_serial_rivers_small_3,
          minmay_misc_feat_tiny, hex_intersection

Skill      XL: |  1 |
---------------+----+-----
Armour         | 3 |  3.1
Fighting       | |  3.0
Long Blades    | |  1.7
Shields        | |  2.7

Action                   || total
-------------------------++-------
Melee: Long sword        ||    19
Armor: Scale mail        ||    60
Dodge: Dodged            ||    26
Block: Kite shield       ||    57
       Rpst.: Long sword ||     7

Table legend: (Time is in decaauts)
 A = Elapsed time spent in this place.
 B = Non-inter-level travel time spent in this place.
 C = Inter-level travel time spent in this place.
 D = Time resting spent in this place.
 E = Time spent auto-exploring this place.
 F = Levels seen in this place.
 G = Mean time per level.
                   A        B        C        D        E       F      G
               +--------+--------+--------+--------+--------+-----+--------+
         Total |    296 |    296 |      0 |      0 |    205 |   1 |  296.0 |
       Dungeon |    296 |    296 |      0 |      0 |    205 |   1 |  296.0 |
               +--------+--------+--------+--------+--------+-----+--------+

Top non-repeatable levels by time:
     D:1: 296 daAuts
